 Dungeon Crawl Stone Soup version 0.24-a0-335-g06ca16a (webtiles) character file.

Game seed: 949797198594701786

235 Borgoz the Cudgeler (level 6, -14/40 HPs)
             Began as a Gargoyle Gladiator on May 19, 2019.
             Killed by divine providence
             ... invoked by an orc priest
              (15 damage)
             ... on level 4 of the Dungeon.
             The game lasted 00:04:42 (3244 turns).

Borgoz the Cudgeler (Gargoyle Gladiator)            Turns: 3244, Time: 00:04:42

Health: -14/40     AC: 12    Str: 16 (18) XL:     6   Next: 6%
Magic:  6/6        EV:  8    Int: 14 (16) God:
Gold:   103        SH:  0    Dex: 11 (12) Spells: 5/5 levels left

rFire    . . .     SeeInvis .   a - +0 flail
rCold    . . .     Gourm    .   (no shield)
rNeg     + . .     Faith    .   b - +0 chain mail
rPois    ∞         Spirit   .   c - +0 helmet
rElec    +         Reflect  .   q - +0 cloak
rCorr    .         Harm     .   (no gloves)
MR       .....                  (no boots)
Stlth    ..........             (no amulet)
HPRegen  0.13/turn              h - -3 ring of protection (curse)
MPRegen  0.10/turn              p - ring of flight

@: brilliant
A: clever 1, negative energy resistance 1, robust 1, electricity resistance,
unbreathing, petrification resistance, rot immunity, AC +4
a: Evoke Flight


You were on level 4 of the Dungeon.
You were not hungry.

You visited 1 branch of the dungeon, and saw 4 of its levels.

You collected 103 gold pieces.

Inventory:

Hand Weapons
 a - a +0 flail (weapon)
Missiles
 d - 2 throwing nets (quivered)
Armour
 b - a +0 chain mail (worn)
 c - a +0 helmet (worn)
 q - a +0 cloak (worn)
Jewellery
 h - a cursed -3 ring of protection (left hand)
 p - a ring of flight (right hand)
Scrolls
 e - 2 scrolls of teleportation {unknown}
 i - a scroll of identify {unknown}
 m - 5 scrolls of enchant armour {unknown}
 n - 2 scrolls of amnesia {unknown}
Comestibles
 f - 2 rations


   Skills:
 + Level 3.1 Fighting
 * Level 4.5 Maces & Flails
 - Level 1.7 Throwing
 + Level 2.2 Armour
 * Level 3.7 Dodging


You had 5 spell levels left.
You didn't know any spells.
Your spell library was empty.

Dungeon Overview and Level Annotations

Branches:
Dungeon (4/15)
 Temple: D:4-7

Altars:
Ashenzari


Innate Abilities, Weirdness & Mutations

You are resistant to torment.
Your stone body is resilient. (AC +4)
You are immune to poison.
You resist negative energy. (rN+)
You are resistant to electric shocks. (rElec)
You can survive without breathing.
You are immune to petrification.
You are immune to rotting.
Your mind is acute. (Int +2)
You are robust. (+10% HP)


Message History

Your chain mail prevents you from hitting the worker ant.
The worker ant bites you but does no damage.
The orc priest begins to cast a cantrip, but forgets the words!
The worker ant barely misses you.
You aren't carrying any potions.
Throwing (i - inventory)
d - 3 throwing nets (quivered)
Press: ? - help, Shift-Dir - straight line, f - worker ant
Aim: a worker ant You throw a throwing net.
The throwing net closely misses the worker ant.
The throwing net closely misses the orc.
The worker ant bites you but does no damage.
You closely miss the worker ant. The worker ant bites you.
* * * LOW HITPOINT WARNING * * *
You hit the worker ant but do no damage.
The worker ant bites you.
* * * LOW HITPOINT WARNING * * *
The orc priest invokes the aid of Beogh against you.
Beogh smites you!
You die...

##.# #.# ## ### #..###.#
##.###.. ##......## .#.......
##...####.. ........##
##...## #.. ......(..# #.<.##
#.. .........### ##### #.>
........ooo### ###
....(....#oa@############# #
.........###.............####
........## #######...........
.....(.## #.......####
.#....# ##......# !..###
#......# ... ######## ..


You could see a worker ant, an orc priest and 3 orcs.

Vanquished Creatures
  An orc wizard (D:4)
  An orc priest (D:4)
  Robin (D:3)
  6 adders
  2 oozes (D:1)
  A worm (D:3)
  4 dart slugs
  3 leopard geckos
  10 orcs
  8 bats
  4 giant cockroaches
  12 goblins
  10 hobgoblins
  4 kobolds
  A quokka (D:2)
  A ball python (D:4)
  4 frilled lizards (D:3)
  A quokka skeleton (D:4)
  6 rats
80 creatures vanquished.

Notes
Turn   | Place    | Note
-------+----------+-------------------------------------------
     0 | D:1      | Borgoz the Gargoyle Gladiator began the quest for the Orb.
     0 | D:1      | Reached XP level 1. HP: 12/12 MP: 1/1
    43 | D:1      | Reached XP level 2. HP: 10/18 MP: 2/2
   783 | D:2      | Reached XP level 3. HP: 20/22 MP: 3/3
   798 | D:2      | Reached skill level 1 in Armour
  1206 | D:2      | Reached XP level 4. HP: 16/27 MP: 4/4
  1907 | D:3      | Noticed Robin
  1959 | D:3      | Killed Robin
  1959 | D:3      | Reached skill level 4 in Maces & Flails
  1959 | D:3      | Reached XP level 5. HP: 28/32 MP: 5/5
  2879 | D:4      | Found a shattered altar of Ashenzari.
  2991 | D:4      | Reached XP level 6. HP: 16/37 MP: 6/6
  3226 | D:4      | Gained mutation: Your mind is acute. (Int +2) [potion of
                  | mutation]
  3226 | D:4      | Gained mutation: You are robust. (+10% HP) [potion of
                  | mutation]
  3239 | D:4      | HP: 2/40 [worker ant (5)]
  3244 | D:4      | HP: 1/40 [worker ant (1)]
  3244 | D:4      | Killed from afar by an orc priest

Levels and vault maps discovered:
D:1:      erik_arrival_gehennom, layout_loops_cross
D:2:      layout_basic, serial_glass, glass_columns_a, glass_columns_b
D:3:      layout_loops_ring, first_ration, uniq_robin
D:4:      layout_rooms, nicolae_ashenzari_panopticon, okawaru_altar_gauntlet_db

Skill      XL: |  1  2  3  4  5 |
---------------+----------------+-----
Armour         | 1 2 |  2.2
Dodging        | 3 |  3.7
Maces & Flails | 4 |  4.5
Fighting       | 3 |  3.1
Throwing       | |  1.7

Action                   |  1- 3 |  4- 6 || total
-------------------------+-------+-------++-------
Melee: Flail             |    58 |   185 ||   243
Throw: Throwing net      |       |     1 ||     1
  Use: Potion            |     1 |     7 ||     8
 Stab: Sleeping          |       |     1 ||     1
  Eat: Chunk             |     1 |     7 ||     8
Armor: Leather armour    |    22 |    43 ||    65
       Skin              |       |    26 ||    26
       Chain mail        |       |    47 ||    47
       Ring mail         |       |     4 ||     4
Dodge: Dodged            |    35 |   117 ||   152

Table legend:
 A = Non-vault XP
 B = Vault XP
 C = Vault XP percentage of total XP
 D = Non-vault monster count
 E = Vault monster count
 F = Vault count percentage of total count
                 A         B        C        D         E       F
            +---------+---------+-------+---------+---------+-------
      Total |     279 |      58 |  17.2 |      62 |      18 |  22.5
            +---------+---------+-------+---------+---------+-------
        D:1 |      13 |      19 |  59.4 |       6 |       5 |  45.5
        D:2 |      71 |       0 |   0.0 |      19 |       0 |   0.0
        D:3 |      53 |      39 |  42.4 |      25 |      13 |  34.2
        D:4 |     142 |       0 |   0.0 |      12 |       0 |   0.0
            +---------+---------+-------+---------+---------+-------
